 Dungeon Crawl Stone Soup version 0.20-a0-672-gd6c3c51 (console) character file.

186803 nht the Executioner (level 18, 0/138 HPs)
             Began as a Barachian Berserker on Feb 17, 2017.
             Was an Elder of Trog.
             Slain by a nagaraja
             ... wielding a +0 halberd
              (3 damage)
             ... on level 4 of the Snake Pit.
             The game lasted 01:37:43 (31312 turns).

nht the Executioner (Barachian Berserker)          Turns: 31312, Time: 01:37:44

Health: 0/138      AC: 31    Str: 27    XL:     18   Next: 49%
Magic:  6/6        EV: 11    Int: 13    God:    Trog [****..]
Gold:   48         SH:  0    Dex: 20    Spells: 17/17 levels left

rFire    + . .     SeeInvis .   a - +9 executioner's axe (antimagic)
rCold    . . .     Gourm    .   Z - +8 plate armour "Piofula" {+Inv rPois Int+6}
rNeg     + + .     Faith    .   (shield currently unavailable)
rPois    +         Spirit   .   E - +0 helmet of the Fiend {rPois Dex+4}
rElec    .         Reflect  .   w - +0 cloak
rCorr    .         Harm     .   s - +1 pair of gloves
MR       ++...                  z - +2 pair of boots of Sin {rPois rN++}
Stlth    ..........             h - amulet of regeneration
Regen    0.8/turn               X - ring of protection from fire
MPRegen  0.1/turn               u - ring of protection from magic

@: agile, can't hop, very slightly contaminated, starving, hasted, constricted,
quick
A: swims, slowness 1, strong legs 2
a: Hop, Berserk, Trog's Hand, Brothers in Arms, Burn Spellbooks, Renounce
Religion, Evoke Invisibility


You were on level 4 of the Snake Pit.
You worshipped Trog.
Trog was greatly pleased with you.
You were starving.

You visited 4 branches of the dungeon, and saw 27 of its levels.
You also visited: Labyrinth, Sewer and Bailey.

You collected 3426 gold pieces.
You spent 3378 gold pieces at shops.

Inventory:

Hand Weapons
 a - a +9 antimagic executioner's axe (weapon)
 T - the +9 morningstar "Kepiabli" {freeze, rElec rF+ Dex+4}
   (You found it on level 9 of the Dungeon)

   It has been specially enchanted to freeze those struck by it, causing extra
   injury to most foes and up to half again as much damage against particularly
   susceptible opponents.
   It can also slow down cold-blooded creatures.
   It affects your dexterity (+4).
   It protects you from fire.
   It insulates you from electricity.
 V - a +8 blowgun
Missiles
 b - a poisoned javelin (quivered)
 d - 10 steel javelins
 G - 8 javelins of penetration
 I - 3 javelins of returning
 K - 2 throwing nets
 N - 10 steel tomahawks
 S - 9 tomahawks of returning
Armour
 e - +0 storm dragon scales
 s - a +1 pair of gloves (worn)
 w - a +0 cloak (worn)
 z - the +2 pair of boots of Sin (worn) {rPois rN++}
   (You found it on level 14 of the Dungeon)

   It protects you from poison.
   It greatly protects you from negative energy.
 E - the +0 helmet of the Fiend (worn) {rPois Dex+4}
   (You found it on level 1 of the Snake Pit)

   It affects your dexterity (+4).
   It protects you from poison.
 Z - the +8 plate armour "Piofula" (worn) {+Inv rPois Int+6}
   (You acquired it in a bailey)

   It affects your intelligence (+6).
   It protects you from poison.
   It lets you turn invisible.
Jewellery
 h - an amulet of regeneration (around neck)
 u - a ring of protection from magic (left hand)
 F - an uncursed ring of see invisible
 H - an uncursed ring of resist corrosion
 P - the cursed ring "Qirghaism" {+Blink rN+ Int-3 Slay+3}
   (You bought it in a shop on level 2 of the Snake Pit)

   [ring of intelligence]

   It affects your intelligence (-3).
   It affects your accuracy and damage with ranged weapons and melee attacks
   (+3).
   It protects you from negative energy.
   It lets you blink.
   It has a curse placed upon it.
 X - a ring of protection from fire (right hand)
Wands
 i - a wand of iceblast (6/15)
 x - a wand of acid (7/15)
 A - a wand of clouds (1/9)
 M - a wand of digging (18/24)
 R - a wand of acid (3/15)
Scrolls
 j - 9 scrolls of magic mapping
 o - a scroll of teleportation
 q - 5 scrolls of enchant armour
 C - 3 scrolls of silence
 L - 3 scrolls of remove curse
 U - 3 scrolls of recharging
Potions
 l - 6 potions of cancellation
 n - 6 potions of flight
 r - 2 potions of ambrosia
 t - 15 potions of curing
 v - 5 potions of mutation
 B - 4 potions of might
 D - 3 potions of agility
 J - 4 potions of invisibility
Comestibles
 c - 21 bread rations
 f - 9 meat rations
 g - a chunk of flesh
 m - 8 royal jellies


   Skills:
 + Level 11.0 Fighting
 * Level 22.2 Axes
 - Level 16.0 Throwing
 + Level 10.6 Armour
 - Level 2.0 Dodging


You had 17 spell levels left.
You didn't know any spells.

Dungeon Overview and Level Annotations

Branches:
Dungeon (15/15)            Temple (0/1) D:7            Lair (6/6) D:8
  Swamp (0/4) Lair:2        Snake (4/4) Lair:2        Slime (0/5) Lair:5
    Orc (2/2) D:9             Elf (0/3) Orc:2        Vaults (0/5) D:14
 Depths (0/5) D:15

Altars:
Ashenzari
Cheibriados
Fedhas
Gozag
Nemelex Xobeh
Okawaru
Qazlal
Sif Muna
Uskayaw
Vehumet
Yredelemnul
The Shining One
Jiyva

Shops:
D:4 %   Orc:2 ([*=   Snake:1 [?   Snake:2 (!*(}

Annotations:
Snake:4 Bai Suzhen


Innate Abilities, Weirdness & Mutations

You can swim through water.
You cover ground slowly.
You can hop longer distances.


Message History

The naga sharpshooter's magic leaks into the air.
The naga sharpshooter is severely wounded.
You hit the nagaraja but do no damage. You slice the naga!!
You kill the naga!
Trog accepts your kill.
You hit the naga. You barely miss the naga sharpshooter.
Your ogre is no longer berserk.
The nagaraja hits you with a halberd.
* * * LOW HITPOINT WARNING * * *
The nagaraja constricts you.
Your ogre barely misses the guardian serpent.
Your troll closely misses the guardian serpent.
Your troll claws the guardian serpent!
Your troll barely misses the guardian serpent.
The guardian serpent hits your troll!!
You feel better.
The naga sharpshooter shoots a bolt.
The bolt hits you!!
* * * LOW HITPOINT WARNING * * *
The naga sharpshooter falters for a moment.
The nagaraja hits you but does no damage.
You die...

.........N..........$...██
...........())(..........█
.....(......)(.()........██
......(......[)...........█
.....(S..[.[............██
.:....)...()...).........█
....(()<.....OS.(....)...█
(..(.........NT.(..($<..██
.............$.N@).....███████
...............)NN.)..........
..............................
.........(?.......†..........N
█ .........)†((().............
███......(...(...$...█........
.█ █......()().......███......
██ █......((........██ █.....
.█ █......(........██ █....


You could see a nagaraja, 2 naga sharpshooters, a guardian serpent, a naga, a
friendly troll (berserk) and a friendly ogre.

Vanquished Creatures
  Saint Roka (Snake:4)
  Vashnia (Snake:1)
  Rupert (Snake:2)
  2 acid blobs (Lair:5)
  Gastronok (Lair:2)
  Asterion (Snake:1)
  Frances (D:14)
  3 nagarajas
  Roxanne (Snake:3)
  A frost giant (D:15)
  3 orc warlords
  Aizul (Snake:2)
  A dire elephant (Lair:6)
  Snorg (Lair:5)
  A minotaur (Lab)
  Fannar (D:11)
  9 hydras
  6 vault guards (D:14)
  Harold (Lair:1)
  17 naga warriors
  4 centaur warriors
  An ogre mage (D:15)
  14 anacondas
  Erica (D:8)
  7 two-headed ogres
  A tengu warrior (D:13)
  2 death knights
  5 death yaks
  3 orc high priests (Orc:2)
  9 naga sharpshooters
  6 shock serpents
  Nergalle (Orc:1)
  The ghost of anet the Covered, a novice GrMo (D:7)
  A salamander mystic (Snake:1)
  An unseen horror (D:14)
  2 deep elf archers (D:14)
  2 sea snakes
  10 naga ritualists
  A wizard (D:14)
  4 orc knights
  Pikel (D:7)
  A necromancer (D:9)
  A harpy (shapeshifter) (D:14)
  2 oklob plants
  2 manticores
  3 orc sorcerers (Orc:2)
  A wolf spider zombie (D:15)
  13 mana vipers
  A deep elf mage (D:12)
  5 salamanders
  4 ugly things
  4 cyclopes
  Maurice (D:10)
  37 black mambas
  4 centaur zombies
  19 elephants
  5 gargoyles
  5 guardian serpents
  21 naga magi
  6 centaur skeletons
  5 spiny frogs
  2 yaktaurs (D:15)
  12 komodo dragons
  2 hellwings
  2 polar bears (Lair:6)
  A harpy zombie (D:14)
  Grinder (D:6)
  7 trolls
  2 hornets
  A tyrant leech (Lair:2)
  10 blink frogs
  5 hippogriffs
  3 slime creatures
  A spriggan (D:7)
  2 shadows
  3 water elementals
  Sigmund (D:3)
  A wraith (D:14)
  A wyvern (D:13)
  35 yaks
  11 basilisks
  A hungry ghost (D:13)
  A basilisk (shapeshifter) (D:13)
  3 wargs
  Menkaure (D:7)
  49 nagas
  A soldier ant (D:13)
  An acid dragon (D:12)
  A swamp worm (Lair:2)
  11 porcupines
  15 water moccasins
  45 orc warriors
  4 black bears
  3 ice beasts
  A sky beast (shapeshifter) (D:13)
  An eye of draining (D:9)
  2 sky beasts
  A phantom (D:7)
  2 necrophages
  7 ogres
  3 wolves (Lair:6)
  11 centaurs
  19 crocodiles
  A big kobold (D:10)
  A gnoll sergeant (D:11)
  18 bullfrogs
  A wyvern zombie (D:7)
  6 scorpions
  A water moccasin skeleton (D:11)
  5 killer bees
  7 howler monkeys
  6 electric eels
  8 crimson imps
  A bullfrog zombie (D:6)
  23 orc priests
  5 hounds
  8 jellies
  31 orc wizards
  3 bullfrog skeletons
  Ijyb (D:2)
  Natasha (thrice) (D:2)
  Terence (D:2)
  9 iguanas
  17 worker ants
  5 hell rats
  A killer bee zombie (D:6)
  A hound skeleton (D:10)
  A mummy (D:5)
  5 gnolls (D:11)
  22 adders
  3 river rats (Lair:5)
  12 shadow imps
  3 adder skeletons
  An adder zombie (D:8)
  A worm (D:2)
  A dart slug (D:2)
  8 leopard geckos
  114 orcs
  7 giant cockroaches
  12 goblins
  12 hobgoblins
  14 jackals
  4 quokkas
  A ball python (D:1)
  4 bats
  6 frilled lizards
  2 hobgoblin zombies (D:5)
  17 kobolds
  2 kobold zombies (D:5)
  A leopard gecko skeleton (D:5)
  2 quokka skeletons
  10 rats
  A fungus (Lair:3)
  6 plants
992 creatures vanquished.

Vanquished Creatures (collateral kills)
  2 vault guards (D:14)
  3 hydras
  A naga warrior (Snake:4)
  A catoblepas (Lair:6)
  A deep troll shaman (Lair:6)
  2 death yaks (Lair:6)
  A shock serpent (Snake:4)
  A salamander mystic (Snake:4)
  A sea snake (Snake:4)
  A naga ritualist (Snake:4)
  5 orc knights
  A mana viper (Snake:4)
  An orc sorcerer (Orc:2)
  3 oklob plants (Lair:4)
  2 salamanders (Snake:4)
  2 guardian serpents (Snake:4)
  2 naga magi (Snake:4)
  A black mamba (Snake:4)
  A komodo dragon (Lair:4)
  A troll (Orc:2)
  A hippogriff (Lair:6)
  12 nagas (Snake:4)
  A water moccasin (Lair:5)
  7 orc warriors
  A wolf (Lair:6)
  A crocodile (D:8)
  3 orc priests (Orc:2)
  6 orc wizards (Orc:2)
  2 iguanas (Lair:2)
  A hell rat (Lair:5)
  2 river rats (Lair:5)
  11 orcs
  2 rats (Lair:5)
  2 fungi (Lair:5)
85 creatures vanquished.

Vanquished Creatures (others)
  A troll (Orc:2)
  2 slaves (D:7)
  An orc warrior (Orc:2)
  2 howler monkeys (D:7)
  An orc (D:7)
  2 fungi
  6 plants
15 creatures vanquished.

Grand Total: 1092 creatures vanquished

Notes
Turn   | Place    | Note
-------+----------+-------------------------------------------
     0 | D:1      | nht the Barachian Berserker began the quest for the Orb.
     0 | D:1      | Reached XP level 1. HP: 18/18 MP: 1/1
    81 | D:1      | Reached XP level 2. HP: 11/24 MP: 2/2
   320 | D:1      | Reached skill level 4 in Axes
   572 | D:2      | Noticed Ijyb
   577 | D:2      | Reached XP level 3. HP: 29/29 MP: 3/3
   582 | D:2      | Killed Ijyb
   582 | D:2      | Reached ** piety under Trog
   912 | D:2      | Noticed Terence
   925 | D:2      | Killed Terence
   925 | D:2      | Reached skill level 5 in Axes
   925 | D:2      | Reached XP level 4. HP: 14/35 MP: 4/4
  1232 | D:2      | Found an opulent altar of Gozag.
  1232 | D:2      | Found a deep blue altar of Sif Muna.
  1232 | D:2      | Found a glowing golden altar of the Shining One.
  1467 | D:2      | Reached XP level 5. HP: 32/41 MP: 5/5
  1470 | D:2      | Noticed Natasha
  1480 | D:2      | Killed Natasha
  1568 | D:2      | Noticed Natasha
  1579 | D:2      | Killed Natasha
  1579 | D:2      | Reached skill level 6 in Axes
  1678 | D:2      | Noticed Natasha
  1686 | D:2      | Killed Natasha
  1790 | D:3      | Found a sparkling altar of Nemelex Xobeh.
  1790 | D:3      | Noticed Sigmund
  1796 | D:3      | Killed Sigmund
  1796 | D:3      | Reached skill level 7 in Axes
  1796 | D:3      | Reached XP level 6. HP: 47/47 MP: 6/6
  1825 | D:3      | Found a faded altar of an unknown god.
  2067 | D:3      | Reached *** piety under Trog
  2126 | D:3      | Found a snail-covered altar of Cheibriados.
  2651 | D:4      | Found Loofuirosy's Food Boutique.
  2659 | D:4      | Reached XP level 7. HP: 52/52 MP: 7/7
  2874 | D:4      | Reached skill level 8 in Axes
  3517 | D:5      | Entered Level 5 of the Dungeon
  3596 | D:5      | Found a shattered altar of Ashenzari.
  3689 | D:5      | Reached skill level 9 in Axes
  3743 | D:5      | Reached XP level 8. HP: 26/58 MP: 8/8
  3816 | D:5      | Found a glowing drain.
  3843 | D:5      | Reached **** piety under Trog
  3853 | Sewer    | Entered a sewer
  4096 | D:5      | Reached skill level 10 in Axes
  4179 | D:5      | Found an iron altar of Okawaru.
  4375 | D:6      | Found a hide-covered altar of Uskayaw.
  4466 | D:6      | Noticed Grinder
  4475 | D:6      | Paralysed by Grinder for 4 turns
  4485 | D:6      | Killed Grinder
  4596 | D:6      | Reached skill level 11 in Axes
  4768 | D:6      | Found a basalt altar of Yredelemnul.
  4862 | D:6      | Reached XP level 9. HP: 64/64 MP: 9/9
  5005 | D:7      | Noticed Menkaure
  5016 | D:7      | Killed Menkaure
  5230 | D:7      | Noticed a hellwing
  5230 | D:7      | Noticed a hellwing
  5243 | D:8      | Killed a hellwing
  5243 | D:8      | Reached skill level 12 in Axes
  5354 | D:7      | Killed a hellwing
  5355 | D:7      | Reached skill level 13 in Axes
  5369 | D:7      | Noticed Pikel
  5411 | D:7      | Killed Pikel
  5411 | D:7      | Reached XP level 10. HP: 70/70 MP: 10/10
  5495 | D:7      | Reached skill level 14 in Axes
  5512 | D:7      | Found a blossoming altar of Fedhas.
  5646 | D:7      | Received a gift from Trog
  5824 | D:7      | Found a staircase to the Ecumenical Temple.
  5865 | D:7      | Noticed anet's ghost (novice GrMo)
  5883 | D:7      | Killed anet's ghost
  6160 | D:8      | Found a staircase to the Lair.
  6181 | D:8      | Received a gift from Trog
  6214 | D:8      | Noticed a two-headed ogre
  6220 | D:8      | Reached skill level 5 in Fighting
  6224 | D:8      | Killed a two-headed ogre
  6224 | D:8      | Reached skill level 15 in Axes
  6224 | D:8      | Reached XP level 11. HP: 53/80 MP: 11/11
  6644 | D:8      | Noticed a two-headed ogre
  6651 | D:8      | Killed a two-headed ogre
  6651 | D:8      | Reached skill level 5 in Armour
  6715 | D:8      | Noticed Erica
  6725 | D:8      | Killed Erica
  7179 | D:9      | Reached ***** piety under Trog
  7235 | D:9      | Got a faintly glowing morningstar
  7238 | D:9      | Got a crude halberd
  7241 | D:9      | Noticed a manticore
  7244 | D:9      | Noticed a necromancer
  7252 | D:9      | Killed a manticore
  7269 | D:9      | Killed a necromancer
  7463 | D:9      | Noticed a two-headed ogre
  7475 | D:9      | Killed a two-headed ogre
  7773 | D:9      | Identified the +9 morningstar "Kepiabli" {freeze, rElec rF+ Dex+4} (You found it on level 9 of the Dungeon)
  7774 | D:9      | Identified the +4 halberd "Timelaco" {chop, rElec rPois rF+ Dex+2} (You found it on level 9 of the Dungeon)
  7864 | D:9      | Found a staircase to the Orcish Mines.
  8032 | D:9      | Found a stormy altar of Qazlal.
  8130 | D:9      | Found a radiant altar of Vehumet.
  8378 | Lair:1   | Entered Level 1 of the Lair of Beasts
  8480 | Lair:1   | Reached skill level 16 in Axes
  8507 | Lair:1   | Reached XP level 12. HP: 43/91 MP: 12/12
  8840 | Lair:1   | Noticed Harold
  8859 | Lair:1   | Killed Harold
  9317 | Lair:2   | Found a staircase to the Snake Pit.
  9419 | Lair:2   | Received a gift from Trog
  9494 | Lair:2   | Noticed a six-headed hydra
  9499 | Lair:2   | Killed a seven-headed hydra
  9785 | Lair:2   | Reached skill level 1 in Throwing
 10091 | Lair:2   | Noticed a six-headed hydra
 10100 | Lair:2   | Killed a six-headed hydra
 10377 | Lair:2   | Found a staircase to the Swamp.
 10381 | Lair:2   | Reached skill level 5 in Throwing
 10618 | Lair:2   | Noticed Gastronok
 10641 | Lair:2   | Killed Gastronok
 10913 | Lair:3   | Gained mutation: You can hop longer distances. [Barachian growth]
 10913 | Lair:3   | Reached XP level 13. HP: 94/99 MP: 13/13
 11393 | Lair:3   | Received a gift from Trog
 12341 | Lair:4   | Got a warped short sword
 12343 | Lair:4   | Identified the Grimoire of Mutagenic Envenoming
 12356 | Lair:4   | Got a pitted mace
 12729 | Lair:4   | Reached skill level 10 in Throwing
 13193 | Lair:5   | Found a runed door.
 13193 | Lair:5   | Found a viscous altar of Jiyva.
 13193 | Lair:5   | Noticed an acid blob
 13193 | Lair:5   | Noticed Snorg
 13204 | Lair:5   | Killed Snorg
 13206 | Lair:5   | Noticed an acid blob
 13250 | Lair:5   | Found a staircase to the Slime Pits.
 13260 | Lair:5   | of course
 13263 | Lair:5   | Killed an acid blob
 13266 | Lair:5   | Killed an acid blob
 13266 | Lair:5   | Received a gift from Trog
 13662 | Lair:5   | Reached XP level 14. HP: 84/106 MP: 14/14
 14051 | Lair:5   | Received a gift from Trog
 15086 | Lair:6   | Entered Level 6 of the Lair of Beasts
 15297 | Lair:6   | Found a labyrinth entrance.
 15324 | Lair:6   | Noticed a dire elephant
 15527 | Lab      | Entered a labyrinth
 15774 | Lab      | Got a dazzling hunting sling
 15774 | Lab      | Got an encrusted scimitar {distort}
 16008 | Lair:6   | Reached skill level 17 in Axes
 16047 | Lair:6   | Killed a dire elephant
 16786 | D:10     | Entered Level 10 of the Dungeon
 16946 | D:10     | Received a gift from Trog
 17222 | D:10     | Noticed Maurice
 17231 | D:10     | Killed Maurice
 17410 | D:11     | Received a gift from Trog
 17865 | D:11     | Received a gift from Trog
 17927 | D:11     | Noticed Fannar
 17938 | D:11     | Killed Fannar
 17938 | D:11     | Reached XP level 15. HP: 74/115 MP: 15/15
 18650 | Orc:1    | Entered Level 1 of the Orcish Mines
 18702 | Orc:1    | Received a gift from Trog
 18800 | Orc:1    | Noticed Nergalle
 18817 | Orc:1    | Killed Nergalle
 19315 | Orc:2    | Entered Level 2 of the Orcish Mines
 19386 | Orc:2    | Reached skill level 10 in Fighting
 19421 | Orc:2    | Noticed an orc warlord
 19430 | Orc:2    | Killed an orc warlord
 19553 | Orc:2    | Found a staircase to the Elven Halls.
 19863 | Orc:2    | Received a gift from Trog
 19870 | Orc:2    | Noticed an orc warlord
 19879 | Orc:2    | Killed an orc warlord
 20029 | Orc:2    | Received a gift from Trog
 20081 | Orc:2    | Reached skill level 10 in Armour
 20095 | Orc:2    | Received a gift from Trog
 20281 | Orc:2    | Found Gucw's General Store.
 20282 | Orc:2    | Found Haesch's Jewellery Shop.
 20283 | Orc:2    | Found Teeryvak's Antique Armour Shop.
 20283 | Orc:2    | Found Keutan's Antique Weapon Boutique.
 20297 | Orc:2    | Bought a scroll of teleportation for 42 gold pieces
 20297 | Orc:2    | Bought a potion of heal wounds for 70 gold pieces
 20297 | Orc:2    | Bought a potion of cancellation for 112 gold pieces
 20297 | Orc:2    | Bought a potion of cancellation for 112 gold pieces
 20298 | Orc:2    | Bought an uncursed ring of protection from magic for 300 gold pieces
 20566 | D:12     | Received a gift from Trog
 21309 | D:12     | Received a gift from Trog
 21336 | D:13     | Reached skill level 18 in Axes
 22576 | D:14     | Found a gate to the Vaults.
 22659 | D:14     | Found a flagged portal.
 22667 | Bailey   | Entered a bailey
 22931 | Bailey   | Received a gift from Trog
 23303 | Bailey   | Identified a scroll of acquirement
 23304 | Bailey   | Got a scorched plate armour
 23328 | Bailey   | Identified the +8 plate armour "Piofula" {+Inv rPois Int+6} (You acquired it in a bailey)
 23341 | D:14     | Paralysed by a wizard for 4 turns
 23352 | D:14     | Reached XP level 16. HP: 48/123 MP: 16/16
 23674 | D:14     | Found an iron altar of Okawaru.
 23703 | D:14     | Noticed Frances
 23716 | D:14     | Killed Frances
 23886 | D:14     | Received a gift from Trog
 24028 | D:14     | Reached skill level 19 in Axes
 24057 | D:14     | Got a pair of faintly humming boots
 24063 | D:14     | Identified the +2 pair of boots of Sin {rPois rN++} (You found it on level 14 of the Dungeon)
 24361 | D:15     | Entered Level 15 of the Dungeon
 25182 | D:15     | Found a staircase to the Depths.
 25594 | Snake:1  | Entered Level 1 of the Snake Pit
 25606 | Snake:1  | Got a warped helmet
 25612 | Snake:1  | Identified the +0 helmet of the Fiend {rPois Dex+4} (You found it on level 1 of the Snake Pit)
 25807 | Snake:1  | HP: 9/184 [something (2)]
 26191 | Snake:1  | Noticed Asterion
 26199 | Snake:1  | Killed Asterion
 26316 | Snake:1  | Received a gift from Trog
 26320 | Snake:1  | Reached skill level 15 in Throwing
 26401 | Snake:1  | Reached skill level 20 in Axes
 26402 | Snake:1  | Found Pautol's Magic Scroll Shop.
 26402 | Snake:1  | Found Rosa's Antique Armour Boutique.
 26432 | Snake:1  | Bought a brightly glowing plate armour for 868 gold pieces
 26432 | Snake:1  | Identified the +6 plate armour of Pandemonium {rCorr MP+9} (You bought it in a shop on level 1 of the Snake Pit)
 26786 | Snake:1  | Bought a scroll of acquirement for 780 gold pieces
 26786 | Snake:1  | Bought a scroll of magic mapping for 52 gold pieces
 26786 | Snake:1  | Bought a scroll of enchant weapon for 112 gold pieces
 26786 | Snake:1  | Bought a scroll of enchant armour for 112 gold pieces
 26786 | Snake:1  | Bought a scroll of fear for 52 gold pieces
 26786 | Snake:1  | Bought a scroll of blinking for 112 gold pieces
 26786 | Snake:1  | Bought a scroll of teleportation for 45 gold pieces
 26787 | Snake:1  | Got a scorched silver amulet
 26788 | Snake:1  | Identified the amulet of Suesmovazo {RegenMP *Slow rPois rF+ Str+3} (You acquired it on level 1 of the Snake Pit)
 26795 | Snake:1  | Received a gift from Trog
 26798 | Snake:1  | Identified the +7 triple crossbow of Orthodoxy {flame, rN+ Str-5 Int+2 Dex+3} (Trog gifted it to you on level 1 of the Snake Pit)
 27011 | Snake:2  | Reached XP level 17. HP: 71/129 MP: 5/17
 27151 | Snake:2  | Found Woriomij's Assorted Antiques.
 27193 | Snake:2  | Identified the +1 hunting sling of War {freeze, Str+4} (You took it off a minotaur in a labyrinth)
 27214 | Snake:2  | Noticed Vashnia
 27423 | Snake:1  | Killed Vashnia
 27538 | Snake:2  | Noticed Rupert
 27711 | Snake:2  | Killed Rupert
 27768 | Snake:2  | Found Daecek's Distillery.
 27785 | Snake:2  | Found Yclaosmo's Antique Weapon Emporium.
 27789 | Snake:2  | Found a radiant altar of Vehumet.
 27918 | Snake:2  | Found Waudau's Antique Weapon Shoppe.
 27958 | Snake:2  | Found Haenaaf's Gadget Shoppe.
 28016 | Snake:2  | Noticed Aizul
 28032 | Snake:2  | Killed Aizul
 28233 | Snake:2  | Bought a sparkling golden ring for 165 gold pieces
 28233 | Snake:2  | Bought a blackened fluorescent wand for 132 gold pieces
 28233 | Snake:2  | Identified the cursed ring "Qirghaism" {+Blink rN+ Int-3 Slay+3} (You bought it in a shop on level 2 of the Snake Pit)
 28498 | Snake:2  | Received a gift from Trog
 28607 | Snake:3  | Noticed Roxanne
 28622 | Snake:3  | Killed Roxanne
 28622 | Snake:3  | Reached skill level 21 in Axes
 28623 | Snake:3  | Identified Roxanne's Compendium of Changing (You took it off Roxanne on level 3 of the Snake Pit)
 28940 | Snake:3  | Received a gift from Trog
 29271 | Snake:3  | Received a gift from Trog
 29535 | Snake:3  | Received a gift from Trog
 30162 | Snake:4  | Entered Level 4 of the Snake Pit
 30181 | Snake:4  | Noticed Saint Roka
 30260 | Snake:4  | Noticed Bai Suzhen
 30302 | Snake:4  | Reached XP level 18. HP: 40/136 MP: 6/18
 30764 | Snake:4  | Reached skill level 22 in Axes
 30906 | Snake:4  | Killed Saint Roka
 30906 | Snake:4  | Received a gift from Trog
 31168 | Snake:2  | Bought a potion of might for 132 gold pieces
 31195 | Snake:2  | Bought 2 potions of agility for 120 gold pieces
 31195 | Snake:2  | Bought a potion of agility for 60 gold pieces
 31312 | Snake:4  | HP: 3/138 [naga sharpshooter/bolt (19)]
 31312 | Snake:4  | Slain by a nagaraja

Vault maps used:
D:1:      denvon_arrival_hothouse, minmay_box_of_dots
D:2:      gammafunk_temple_overflow_forgotten, uniq_terence, uniq_iyjb,
          uniq_natasha
D:3:      cheibriados_altar_1, overflow_temple_1_default, first_bread,
          chequers_ecumenical_altar_island, uniq_sigmund
D:4:      serial_shops, nicolae_shop_behind_doors
D:5:      lemuel_doored_altar, cheibrodos_ashenzari_chains,
          gup_sewer_entry_glass, minmay_mini_ossuary
D:6:      eat_drink_and_be_merry_uskayaw, kennysheep_mini_moat, st_stairs_13,
          uniq_grinder
D:7:      cheibrodos_grave_circle, marbit_many_paths,
          minmay_temple_entry_nine_rooms, serial_glass, glass_columns_a,
          glass_columns_a, nrook_mini_vaults, kennysheep_diamond, the_bakery,
          uniq_pikel, uniq_menkaure
D:8:      minmay_lair_entry_grove, uniq_erica
D:9:      hangedman_cross_cluster, vehumet_crystals, grunt_qazlal_clouds
D:10:     uniq_maurice
D:11:     uniq_fannar
D:12:     kennysheep_crisscross
D:14:     evilmike_iron_armoury, erik_vaults_2, enter_bailey_3,
          lemuel_statue_altar, uniq_frances
D:15:     grunt_enter_depths_snipers, serial_column_ruins, column_ruins_hut,
          column_ruins_open_medium, column_ruins_columns_straight,
          column_ruins_columns_water, column_ruins_columns_dead_end,
          column_ruins_open_tiny, column_ruins_open_tiny,
          column_ruins_open_small_water, dk_noncrumbling_4, minivault_11
Lair:1:   nicolae_quartered_pool_little, uniq_harold
Lair:2:   beast_lair_carwin_large_1, minmay_swamp_entry_worms,
          minmay_snake_entry_six_corridors, minmay_holes, uniq_gastronok
Lair:3:   serial_bayou_shore_a, grunt_megastairs_1
Lair:4:   minmay_lair_oklob_chamber
Lair:5:   slime_altar_2, kennysheep_abandoned_house, infiniplex_staircase_pool,
          uniq_snorg
Lair:6:   grunt_lair_end_beastmaster, lab_entry_generic, st_stairs_3
Snake:1:  st_stairs_5, grunt_megastairs_3, minmay_shoptagon, uniq_asterion,
          uniq_rupert
Snake:2:  basic_altar, serial_shops, shop, shop, nicolae_shop_statue_plus,
          nicolae_shop_temple_entry_statues_fountains, shop, uniq_vashnia,
          uniq_aizul
Snake:3:  spider_trap, grunt_ministairs_6, uniq_roxanne
Snake:4:  grunt_snake_rune_pools, serial_shops, shop, st_stairs_12,
          lemuel_fruit_tree, uniq_saint_roka, uniq_bai_suzhen
Orc:1:    uniq_nergalle
Orc:2:    st_orc_congregation, minmay_orc_barracks
Lab:      labyrinth_watery, nicolae_lab_big_swirl, nicolae_lab_checkerboard,
          nicolae_lab_statue, lab_statue, nicolae_lab_starburst,
          labyrinth_fake_exit
Sewer:    sewer_the_crocodile
Bailey:   bailey_polearm_5, bailey

Skill      XL: |  1  2  3  4  5  6  7  8  9 10 11 12 13 14 15 16 17 18 |
---------------+-------------------------------------------------------+-----
Axes           | 4 5 7 9 11 13 15 16 17 18 20 21 22 | 22.2
Fighting       | 5 7 8 9 10 11 | 11.0
Armour         | 4 7 8 9 10 | 10.6
Throwing       | 7 11 13 14 15 16 | 16.0
Dodging        | |  2.0

Action                   |  1- 3 |  4- 6 |  7- 9 | 10-12 | 13-15 | 16-18 || total
-------------------------+-------+-------+-------+-------+-------+-------++-------
Melee: Hand axe          |    70 |   161 |   127 |       |       |       ||   358
       Broad axe         |       |       |    93 |   444 |     1 |       ||   538
       War axe           |       |       |    36 |       |       |       ||    36
       Battleaxe         |       |       |       |    52 |   958 |   168 ||  1178
       Morningstar       |       |       |       |     2 |    20 |       ||    22
       Executioner's axe |       |       |       |       |       |   474 ||   474
Throw: Tomahawk          |       |       |       |       |   120 |   399 ||   519
       Javelin           |       |       |       |       |    13 |    88 ||   101
Invok: Berserk           |     4 |     5 |     8 |     8 |    18 |     7 ||    50
       Burn Spellbooks   |       |     1 |       |     4 |     8 |     2 ||    15
       Brothers in Arms  |       |       |       |     3 |    14 |     9 ||    26
       Trog's Hand       |       |       |       |     1 |    10 |     9 ||    20
 Abil: Hop               |       |       |       |       |     5 |    11 ||    16
Evoke: Wand              |       |       |     4 |    50 |    92 |     2 ||   148
  Use: Scroll            |       |     7 |    13 |     9 |    19 |    29 ||    77
       Potion            |       |     1 |       |       |     7 |    25 ||    33
 Stab: Confused          |       |       |       |     3 |     5 |       ||     8
       Paralysed         |       |       |       |       |     2 |       ||     2
       Distracted        |       |       |       |       |     1 |     1 ||     2
  Eat: Chunk             |     3 |    10 |    14 |    44 |    75 |     8 ||   154
       Fruit             |       |     1 |     4 |       |       |    16 ||    21
       Meat ration       |       |       |       |       |       |     2 ||     2
Armor: Animal skin       |    14 |       |       |       |       |       ||    14
       Scale mail        |       |    50 |       |       |       |       ||    50
       Plate armour      |       |    11 |   173 |   282 |   297 |   648 ||  1411
       Skin              |       |       |       |       |    12 |       ||    12
       Storm dragon scal |       |       |       |       |   318 |       ||   318
Dodge: Dodged            |    49 |    90 |   104 |   162 |   347 |   301 ||  1053
